 Dungeon Crawl Stone Soup version 0.20-a0-1126-g0f15420 (webtiles) character file.

352 4thArraOfDagon the Ruffian (level 6, 51/57 HPs)
             Began as a Troll Transmuter on May 17, 2017.
             Quit the game on level 6 of the Dungeon.
             The game lasted 00:04:53 (1008 turns).

4thArraOfDagon the Ruffian (Troll Transmuter)       Turns: 1008, Time: 00:04:54

Health: 51/57      AC:  5    Str: 19    XL:     6   Next: 34%
Magic:  6/6        EV: 10    Int: 11    God:
Gold:   59         SH:  0    Dex: 10    Spells: 6/7 levels left

rFire    . . .     SeeInvis .     - Unarmed
rCold    . . .     Gourm    +   (no shield)
rNeg     . . .     Faith    .   b - +0 robe
rPois    .         Spirit   .   (helmet restricted)
rElec    .         Reflect  .   (no cloak)
rCorr    .         Harm     .   (gloves unavailable)
MR       .....                  (boots unavailable)
Stlth    +.........             (no amulet)
Regen    0.6/turn               (no ring)
MPRegen  0.1/turn               (no ring)

@: mildly poisoned (51 -> 51)
A: unfitting armour, claws 3, fast metabolism 3, gourmand, regeneration 1,
shaggy fur 1, tough skin 2
a: no special abilities


You were on level 6 of the Dungeon.
You were not hungry.

You visited 2 branches of the dungeon, and saw 8 of its levels.

You collected 59 gold pieces.

Inventory:

Hand Weapons
 j - a +0 giant spiked club
Missiles
 a - 12 arrows
Armour
 b - a +0 robe (worn)
Wands
 h - a wand of enslavement (2/24)
Scrolls
 f - 2 scrolls of amnesia
 l - a scroll of teleportation
 n - 2 scrolls of remove curse {unknown}
 o - 2 scrolls of recharging {unknown}
 p - a scroll of blinking
Potions
 e - a potion of degeneration {unknown}
 g - 2 potions of curing {unknown}
 i - a potion of flight
 k - a potion of brilliance {unknown}
 q - a potion of mutation {unknown}
Books
 c - a book of Changes

   Spells                             Type                      Level
   a - Beastly Appendage              Transmutation                1
   b - Sticks to Snakes               Transmutation                2
   c - Spider Form                    Transmutation/Poison         3
   d - Ice Form                       Ice/Transmutation            4
   e - Blade Hands                    Transmutation                5
Comestibles
 d - 3 bread rations
 m - a meat ration


   Skills:
 - Level 2.0 Fighting
 - Level 2.5 Dodging
 * Level 6.2 Unarmed Combat
 - Level 1.2 Spellcasting
 - Level 1.3 Transmutations


You had 6 spell levels left.
You knew the following spells:

 Your Spells              Type           Power        Failure   Level  Hunger
a - Beastly Appendage     Tmut           #.....       19%         1    ##.....


Dungeon Overview and Level Annotations

Branches:
Dungeon (7/15)             Temple (1/1) D:6

Altars:
Ashenzari
Elyvilon
Nemelex Xobeh
Okawaru
Sif Muna
Trog
Vehumet
Wu Jian
Xom
The Shining One

Annotations:
D:2 Robin
D:5 4thArraOfDagon's ghost, amateur TrTm; Edmund; Eustachio
D:7 Menkaure


Innate Abilities, Weirdness & Mutations

You are too large for most types of armour.
You have claws for hands.
Your metabolism is lightning-fast.
You like to eat raw meat.
Your natural rate of healing is unusually fast.
You are covered in fur. (AC +1)
You have very tough skin. (AC +2)


Message History

The adder closely misses you. The adder bites you.
You climb downwards.
You hear the sound of rushing water.
There is an entrance to a sewer on this level.
Hurry and find it before the portal rusts away!
You hear the drain falling apart.
The walls and floor vibrate strangely for a moment.
You feel sick.
Found 15 gold pieces.
There is a stone staircase leading up here.
You barely miss the adder. The adder bites you.
You claw the adder!
You kill the adder!
No target in view!
No target in view!
You feel sick. 2 giant cockroaches come into view.
The adder hisses angrily. x2
You see here 15 gold pieces.
You now have 59 gold pieces (gained 15).
Are you sure you want to abandon this character and quit the game? (Confirm with "yes".)

... ####### .. .......
.# #######.##
#.#.#≈≈≈≈S#..# ...
≈≈.ss+..# #### ####.#
≈≈≈≈S#.@###...#
.....##.#######....<...#
................####†..#
######........## #.##
###### .# #


You could see 2 adders and 2 giant cockroaches.

Vanquished Creatures
  An ogre (D:6)
  A howler monkey (D:7)
  A vampire bat (D:4)
  A hound (D:7)
  3 worker ants
  A hound skeleton (D:6)
  2 adders (D:6)
  A leopard gecko (D:1)
  4 goblins
  A jackal (D:3)
  2 quokkas
  8 bats
  A frilled lizard (D:1)
  A giant cockroach zombie (D:5)
28 creatures vanquished.

Vanquished Creatures (collateral kills)
  An ogre (D:6)
1 creature vanquished.

Grand Total: 29 creatures vanquished

Notes
Turn   | Place    | Note
-------+----------+-------------------------------------------
     0 | D:1      | 4thArraOfDagon the Troll Transmuter began the quest for the Orb.
     0 | D:1      | Reached XP level 1. HP: 18/18 MP: 1/1
    39 | D:1      | Reached skill level 1 in Fighting
    74 | D:1      | You fall through a shaft!
    74 | D:2      | Noticed Robin
    96 | D:3      | Reached XP level 2. HP: 24/27 MP: 2/2
   202 | D:4      | Noticed a vampire bat
   214 | D:4      | Killed a vampire bat
   214 | D:4      | Reached XP level 3. HP: 33/35 MP: 3/3
   267 | D:4      | Reached XP level 4. HP: 30/42 MP: 4/4
   274 | D:5      | Entered Level 5 of the Dungeon
   274 | D:5      | Noticed Edmund
   284 | D:6      | Found a staircase to the Ecumenical Temple.
   284 | D:6      | Noticed an ogre
   306 | D:6      | Reached skill level 4 in Unarmed Combat
   438 | D:7      | Reached XP level 5. HP: 49/49 MP: 5/5
   469 | D:7      | Reached skill level 5 in Unarmed Combat
   520 | D:6      | Killed an ogre
   520 | D:6      | Reached XP level 6. HP: 3/57 MP: 6/6
   526 | Temple   | Entered the Ecumenical Temple
   689 | D:7      | Noticed Menkaure
   750 | D:6      | Noticed a water moccasin
   763 | D:6      | Reached skill level 6 in Unarmed Combat
   820 | D:5      | Noticed 4thArraOfDagon's ghost (amateur TrTm)
   925 | D:5      | Noticed Eustachio
  1008 | D:6      | Quit the game

Vault maps used:
D:1:      dpeg_arrival_rooms_b, minmay_pentomino_s4
D:2:      yredelemnul_forgotten_temple_becter,
          chequers_ecumenical_altar_simple_redux, corexii_hall_statues_t,
          hangedman_ru_absence, uniq_terence, uniq_robin
D:3:      first_bread, ashenzari_altar_1
D:4:      cheibrodos_pilgrimage, nicolae_gozag_seed_capital,
          nicolae_overflow_hidden_temple, roderic_batcave
D:5:      zin_academy, lemuel_round_altar, serial_shops, shop, uniq_eustachio,
          uniq_edmund
D:6:      gammafunk_temple_overflow_pools, minmay_temple_entry_from_below_a,
          gup_sewer_entry_glass
D:7:      serial_shops, nicolae_shop_window_shopping, uniq_menkaure
Temple:   dpeg_chambers_temple

Skill      XL: |  1  2  3  4  5  6 |
---------------+-------------------+-----
Fighting       | 1 2 |  2.0
Dodging        | 2 |  2.5
Unarmed Combat | 4 5 6 |  6.2
Spellcasting   | |  1.2
Transmutations | |  1.3

Action                   |  1- 3 |  4- 6 || total
-------------------------+-------+-------++-------
Melee: Unarmed           |    84 |    39 ||   123
       Punch             |     1 |       ||     1
Evoke: Wand              |       |     3 ||     3
  Use: Scroll            |     2 |     3 ||     5
  Eat: Chunk             |     6 |     4 ||    10
Armor: Robe              |    46 |    39 ||    85
Dodge: Dodged            |    77 |    53 ||   130
